AoeStats
← SimonPP95

Black Forest

510353261Analyzed
4v4 RM · 2d ago on Sep 30, 2026· 74m 36s· 8 players
Game mode
Random Map
Map size
Large (8 player)
Population
200
Speed
Normal
Resources
Standard
Victory
Conquest
Starting age
Dark Age
Ending age
Imperial Age
RankedLock teamsTeams togetherTeam positionsShared explorationLock speedFull tech treeHidden civsTurbo modeCheats
Victory
Defeat
🇨🇳 Danes · China
886
+12
🇨🇳 Burgundians · China
884
+12
🇨🇳 Poles · China
883
+12
🇧🇪 Bohemians · Belgium
824
+15
🇹🇼 Slavs · Taiwan
884
-17
🇨🇳 Huns · China
834
-14
🇨🇳 Vietnamese · China
762
-11
🇨🇳 Spanish · China
705
-9
Quel Serrar
3:25 Loom
13:20 Feudal Age
14:19 Stone Mining
14:17 Double-Bit Axe
14:49 Horse Collar
20:13 Gold Mining
26:28 Castle Age
27:32 Bow Saw
27:26 Heavy Plow
28:19 Stone Shaft Mining
33:19 Imperial Age
34:52 Wheelbarrow
34:48 Crop Rotation
34:42 Lechitic Legacy
34:43 Conscription
34:41 Forging
34:36 Scale Barding Armor
36:02 Hand Cart
36:26 Iron Casting
38:42 Light Cavalry
39:33 Bloodlines
39:23 Husbandry
39:27 Winged Hussar
42:01 Chain Barding Armor
42:42 Blast Furnace
Khrushchev
14:32 Feudal Age
18:53 Castle Age
18:45 Fishing Lines
20:04 Double-Bit Axe
21:28 Bow Saw
21:59 Horse Collar
23:28 Loom
28:00 Heavy Plow
32:12 Imperial Age
30:25 Wheelbarrow
29:55 Squires
30:43 Scale Mail Armor
30:53 Forging
31:37 Hand Cart
31:21 Gold Mining
31:21 Stone Mining
31:28 Arson
31:48 Gillnets
32:25 Ballistics
32:50 Gold Shaft Mining
32:08 Stone Mining
32:44 Chain Mail Armor
32:55 Northmen's Fury
33:56 Conscription
32:56 Hamask
34:15 Iron Casting
34:07 Elite Jomsviking
34:48 Murder Holes
36:00 Chemistry
35:55 Onager
35:57 Elite Varangian Guard
37:13 Plate Mail Armor
37:43 Blast Furnace
36:22 Pikeman
37:43 Caravan
37:18 Halberdier
40:23 Blast Furnace
39:29 Siege Onager
42:26 Siege Engineers
51:29 Fletching
51:40 Padded Archer Armor
51:45 Scale Barding Armor
51:55 Masonry
John Farrell
5:17 Double-Bit Axe
11:51 Feudal Age
11:16 Fishing Lines
11:25 Fishing Lines
17:49 Castle Age
16:25 Bow Saw
16:56 Stone Mining
18:44 Gillnets
21:02 Two-Man Saw
21:23 Horse Collar
23:34 Heavy Plow
25:38 Gold Mining
26:26 Stone Shaft Mining
26:24 Crop Rotation
27:13 Wheelbarrow
26:56 Burgundian Vineyards
27:38 Loom
30:55 Imperial Age
28:43 Hand Cart
29:56 Gold Shaft Mining
29:36 Scale Barding Armor
29:41 Forging
31:08 Ballistics
32:25 Caravan
32:32 Husbandry
31:52 Cavalier
34:14 Chemistry
33:01 Treadmill Crane
33:40 Paladin
33:42 Light Cavalry
34:46 Chain Barding Armor
35:01 Iron Casting
35:28 Hussar
37:18 Town Watch
38:24 Plate Barding Armor
39:03 Blast Furnace
39:18 Scale Mail Armor
58:14 Fletching
58:41 Chain Mail Armor
SimonPP95
0:31 Loom
10:52 Feudal Age
11:25 Horse Collar
11:33 Double-Bit Axe
13:21 Wheelbarrow
21:11 Castle Age
21:27 Forging
21:56 Heavy Plow
22:08 Bow Saw
23:11 Hand Cart
29:55 Imperial Age
28:17 Ballistics
28:59 Caravan
29:32 Scale Mail Armor
30:28 Pikeman
33:07 Chemistry
31:37 Heavy Scorpion
33:41 Iron Casting
33:22 Chain Mail Armor
35:12 Two-Man Saw
35:32 Blast Furnace
36:05 Houfnice
36:46 Halberdier
37:49 Squires
38:31 Plate Mail Armor
39:28 Arson
48:36 Coinage
51:02 Elite Hussite Wagon
52:53 Conscription
57:38 Scale Barding Armor
57:33 Padded Archer Armor
57:24 Fletching
59:11 Banking
183
1:00 Loom
14:36 Feudal Age
15:22 Double-Bit Axe
15:22 Horse Collar
16:08 Fishing Lines
20:23 Wheelbarrow
21:18 Gold Mining
21:22 Stone Mining
26:38 Castle Age
28:10 Bow Saw
28:04 Heavy Plow
28:43 Stone Shaft Mining
29:51 Arson
30:06 Squires
29:27 Pikeman
33:07 Imperial Age
31:23 Hand Cart
31:15 Herbal Medicine
31:42 Caravan
32:16 Coinage
32:39 Husbandry
32:49 Bloodlines
33:06 Chatras
34:21 Paper Money
35:00 Banking
34:49 Elite Skirmisher
36:28 Elite Rattan Archer
40:58 Imperial Skirmisher
40:59 Heavy Cavalry Archer
41:00 Crossbowman
41:45 Thumb Ring
41:08 Elite Fire Lancer
42:22 Town Watch
46:34 Hoardings
45:30 Sappers
48:40 Halberdier
57:42 Scale Barding Armor
57:38 Scale Mail Armor
57:49 Forging
57:41 Padded Archer Armor
57:32 Fletching
57:26 Treadmill Crane
57:36 Heated Shot
58:07 Ballistics
58:47 Chemistry
64:05 Chain Barding Armor
64:00 Chain Mail Armor
64:21 Iron Casting
64:04 Leather Archer Armor
65:25 Plate Barding Armor
65:21 Ring Archer Armor
64:46 Bodkin Arrow
交保候傳
5:18 Loom
12:32 Feudal Age
16:47 Castle Age
15:47 Double-Bit Axe
16:18 Horse Collar
17:46 Bow Saw
20:30 Heavy Plow
22:18 Wheelbarrow
23:21 Hand Cart
24:27 Hand Cart
26:14 Gold Mining
26:16 Town Watch
28:41 Gold Shaft Mining
28:21 Town Patrol
29:04 Stone Mining
31:02 Bloodlines
30:52 Husbandry
32:26 Caravan
32:57 Coinage
35:43 Imperial Age
35:49 Imperial Age
33:58 Scale Barding Armor
34:04 Forging
34:08 Detinets
35:06 Chain Barding Armor
34:09 Light Cavalry
35:14 Ballistics
35:08 Masonry
35:50 Elite Boyar
36:50 Conscription
37:13 Hoardings
37:23 Plate Barding Armor
37:23 Iron Casting
37:26 Crop Rotation
37:58 Two-Man Saw
38:42 Banking
40:04 Chemistry
39:10 Siege Engineers
39:18 Fletching
40:30 Blast Furnace
39:31 Padded Archer Armor
39:25 Fletching
39:36 Scale Mail Armor
39:00 Pikeman
40:18 Hussar
42:11 Murder Holes
45:00 Capped Ram
46:19 Chain Mail Armor
46:00 Bodkin Arrow
46:10 Siege Ram
66:56 Fishing Lines
178
0:37 Loom
11:26 Feudal Age
12:37 Double-Bit Axe
16:22 Wheelbarrow
16:42 Horse Collar
18:23 Fishing Lines
21:36 Castle Age
21:22 Gold Mining
21:23 Stone Mining
22:28 Gillnets
22:42 Caravan
24:10 Bow Saw
26:45 Gold Shaft Mining
27:33 Scale Barding Armor
28:29 Masonry
29:03 Heavy Plow
32:08 Imperial Age
29:41 Marauders
30:25 Hand Cart
30:48 Husbandry
30:59 Bloodlines
31:19 Forging
32:30 Chain Barding Armor
32:45 Iron Casting
32:57 Ballistics
33:58 Two-Man Saw
33:29 Conscription
34:25 Plate Barding Armor
34:56 Capped Ram
35:08 Elite Tarkan
37:58 Blast Furnace
37:18 Guilds
36:42 Cavalier
37:28 Fletching
38:54 Chemistry
37:46 Sappers
38:50 Paladin
39:47 Bodkin Arrow
41:27 Pikeman
42:07 Squires
42:02 Arson
44:27 Halberdier
46:40 Elite Skirmisher
48:45 Imperial Skirmisher
59:48 Light Cavalry
62:07 Bracer
62:08 Scale Mail Armor
62:09 Padded Archer Armor
66:15 Chain Mail Armor
68:47 Leather Archer Armor
76561199674421185
4:32 Loom
15:52 Feudal Age
16:31 Double-Bit Axe
16:53 Gold Mining
16:55 Stone Mining
18:20 Wheelbarrow
22:29 Horse Collar
26:02 Castle Age
27:00 Hand Cart
27:19 Bow Saw
27:26 Fishing Lines
28:23 Caravan
28:54 Coinage
30:08 Fortified Wall
31:28 Stone Shaft Mining
31:06 Masonry
33:19 Forging
33:01 Fletching
33:11 Padded Archer Armor
36:14 Iron Casting
38:15 Bodkin Arrow
38:36 Leather Archer Armor
38:21 Scale Mail Armor
39:15 Ballistics
39:15 Pikeman
39:55 Squires
41:20 Chain Mail Armor
41:32 Murder Holes
41:27 Guard Tower
41:20 Elite Skirmisher
42:14 Gillnets
44:19 Husbandry
44:26 Scale Barding Armor
44:43 Bloodlines
47:49 Imperial Age
46:29 Chain Barding Armor
49:31 Conscription
49:55 Guilds
50:10 Sanctity
51:13 Blast Furnace
50:44 Plate Mail Armor
49:45 Halberdier
50:09 Cavalier
51:01 Elite Conquistador
57:45 Man-at-Arms
58:16 Gambesons
59:15 Long Swordsman
71:42 Banking
Connection lost

Rejoining the realm…

Still unreachable

The connection could not be restored.

Session expired

The server has moved on; the page needs a fresh start.